[ AOE2 MATCH · #476492359 ]
UnrankedBengalis vs Mongols
[ REPLAY ANALYSIS · EXTRACTED FROM THE RECORDED GAME ]
Feudal
10:12
Castle
23:58
Imperial
—
| APM avg | 24.6 |
| APM peak | 49 |
| eAPM avg | 17.3 |
| Villagers / military | 97 / 16 |
Focus
⚔️ 26.7% · 🌾 73.3%
Armored Elephant ×10 · Ratha (Ranged) ×6
Feudal
10:06
Castle
15:15
Imperial
30:10
| APM avg | 50.7 |
| APM peak | 89 |
| eAPM avg | 29.8 |
| Villagers / military | 253 / 131 |
Focus
⚔️ 49.0% · 🌾 51.0%
Mangudai ×107 · Trade Cart ×38 · Petard ×16 · Battering Ram ×8
Feudal
11:21
Castle
14:58
Imperial
30:25
| APM avg | 49.2 |
| APM peak | 138 |
| eAPM avg | 22.4 |
| Villagers / military | 171 / 184 |
Focus
⚔️ 46.5% · 🌾 53.5%
Leitis ×183 · Monk ×1
Feudal
10:58
Castle
14:28
Imperial
30:36
| APM avg | 66.1 |
| APM peak | 131 |
| eAPM avg | 42.3 |
| Villagers / military | 238 / 186 |
Focus
⚔️ 51.2% · 🌾 48.8%
Elephant Archer ×91 · Camel Scout ×71 · Trade Cart ×49 · Bombard Cannon ×10 · Armored Elephant ×9 · Monk ×2
Feudal
10:37
Castle
14:32
Imperial
31:15
| APM avg | 45.6 |
| APM peak | 101 |
| eAPM avg | 24.0 |
| Villagers / military | 172 / 261 |
Focus
⚔️ 32.3% · 🌾 67.7%
Spearman ×168 · Knight ×75 · Battering Ram ×12 · Mangonel ×6
Feudal
9:18
Castle
23:09
Imperial
30:57
| APM avg | 67.7 |
| APM peak | 114 |
| eAPM avg | 22.7 |
| Villagers / military | 132 / 93 |
Focus
⚔️ 39.6% · 🌾 60.4%
Archer ×43 · Hand Cannoneer ×21 · Coustillier ×19 · Bombard Cannon ×6 · Trebuchet (Packed) ×4
Feudal
11:21
Castle
14:51
Imperial
28:00
| APM avg | 37.3 |
| APM peak | 64 |
| eAPM avg | 18.7 |
| Villagers / military | 123 / 135 |
Focus
⚔️ 33.2% · 🌾 66.8%
Rattan Archer ×81 · Spearman ×39 · Skirmisher ×9 · Bombard Cannon ×6
Feudal
10:56
Castle
14:28
Imperial
28:46
| APM avg | 53.0 |
| APM peak | 112 |
| eAPM avg | 36.5 |
| Villagers / military | 193 / 240 |
Focus
⚔️ 47.7% · 🌾 52.3%
Camel Scout ×220 · Trade Cart ×41 · Armored Elephant ×12 · Bombard Cannon ×7 · Monk ×1
Match map
Initial resources + every placement click. Lines = walls · curves = elevation contours. ◆ gold · ⬟ stone · ● berries · ✦ relic · ◌ wall gap
Your base· ✓ Closed at 23:58 · 81t walls · 6 gate(s)
菜就多练's base· ✓ Closed at 15:15 · 0t walls · 2 gate(s)
Velky kanec's base· ✓ Closed at 14:58 · 0t walls · 3 gate(s)
Ardashnicov's base· ✓ Closed at 14:28 · 0t walls · 2 gate(s)
AJC's base· ✓ Closed at 14:32 · 0t walls · 2 gate(s)
超绝可爱天使酱's base· ✓ Closed at 23:09 · 0t walls · 2 gate(s)
灵魂恰恰恰's base· ✓ Closed at 14:51 · 0t walls · 2 gate(s)
馬上贏's base· ✓ Closed at 14:28 · 0t walls · 2 gate(s)
Smoothed initial terrain · ◌ = detected wall gap · hover for details
Inputs per minute
— AncientKing - - 菜就多练
Build order — AncientKing
First 150 of 272 actions detected
| 0:02 | Create | Villager (Male) ×4 |
| 0:03 | Build | House |
| 0:05 | Build | House |
| 1:27 | Create | Villager (Male) |
| 1:27 | Create | Villager (Male) |
| 1:52 | Create | Villager (Male) |
| 1:52 | Create | Villager (Male) |
| 2:00 | Build | Lumber Camp |
| 2:25 | Create | Villager (Male) |
| 2:25 | Create | Villager (Male) |
| 2:46 | Research | Loom |
| 2:46 | Research | Loom |
| 2:53 | Create | Villager (Male) |
| 2:53 | Create | Villager (Male) |
| 2:59 | Create | Villager (Male) |
| 2:59 | Create | Villager (Male) |
| 3:10 | Build | Palisade Wall |
| 3:12 | Build | House |
| 3:34 | Create | Villager (Male) |
| 3:35 | Create | Villager (Male) |
| 4:04 | Create | Villager (Male) |
| 4:05 | Create | Villager (Male) |
| 4:20 | Build | Palisade Wall |
| 4:23 | Create | Villager (Male) |
| 4:23 | Create | Villager (Male) |
| 4:55 | Build | Mill |
| 5:02 | Create | Villager (Male) |
| 5:02 | Create | Villager (Male) |
| 5:28 | Create | Villager (Male) |
| 5:28 | Create | Villager (Male) |
| 5:34 | Create | Villager (Male) |
| 5:34 | Create | Villager (Male) |
| 5:43 | Build | Palisade Wall |
| 5:49 | Build | Palisade Wall |
| 5:50 | Build | Palisade Wall |
| 5:57 | Build | Palisade Wall |
| 6:34 | Build | House |
| 7:07 | Create | Villager (Male) |
| 7:07 | Create | Villager (Male) |
| 8:02 | Research | Feudal Age |
| 8:02 | Research | Feudal Age |
| 8:05 | Build | Mining Camp |
| 8:34 | Build | House |
| 8:59 | Build | House |
| 9:30 | Build | House |
| 9:49 | Build | Mill |
| 10:07 | Create | Villager (Male) |
| 10:07 | Create | Villager (Male) |
| 10:08 | Create | Villager (Male) |
| 10:12 | Age | Feudal Age |
| 10:14 | Build | Stone Wall |
| 10:18 | Build | Stone Wall |
| 10:22 | Build | Stone Wall |
| 10:23 | Build | Stone Wall |
| 10:31 | Build | Stone Wall |
| 10:32 | Build | Stone Wall |
| 11:02 | Create | Villager (Male) |
| 11:32 | Build | Market |
| 12:37 | Build | Watch Tower |
| 12:43 | Build | Watch Tower |
| 12:43 | Create | Villager (Male) |
| 12:44 | Create | Villager (Male) |
| 12:51 | Build | Blacksmith |
| 12:58 | Build | Gate |
| 13:12 | Create | Villager (Male) |
| 13:12 | Create | Villager (Male) |
| 13:12 | Create | Villager (Male) |
| 13:45 | Research | Fletching |
| 13:45 | Research | Fletching |
| 13:49 | Build | House |
| 13:52 | Build | House |
| 13:54 | Build | House |
| 14:48 | Create | Villager (Male) |
| 14:48 | Create | Villager (Male) |
| 15:12 | Build | Farm |
| 15:13 | Build | Farm |
| 15:14 | Build | Farm |
| 15:44 | Build | Stone Wall |
| 16:00 | Create | Villager (Male) |
| 16:01 | Create | Villager (Male) |
| 16:03 | Build | Stone Wall |
| 16:04 | Build | Stone Wall |
| 16:21 | Build | Stone Wall |
| 16:26 | Create | Villager (Male) |
| 16:37 | Build | Gate |
| 16:43 | Build | Palisade Wall |
| 16:45 | Build | Gate |
| 16:47 | Create | Villager (Male) |
| 16:56 | Create | Villager (Male) |
| 16:56 | Create | Villager (Male) |
| 17:06 | Create | Villager (Male) |
| 17:12 | Build | Watch Tower |
| 17:33 | Build | Stone Wall |
| 17:35 | Build | Stone Wall |
| 17:40 | Build | Stone Wall |
| 17:45 | Build | Stone Wall |
| 17:48 | Build | Stone Wall |
| 17:49 | Build | Stone Wall |
| 18:13 | Build | Stone Wall |
| 18:15 | Build | Stone Wall |
| 18:28 | Build | Gate |
| 18:53 | Build | Gate |
| 18:59 | Build | Watch Tower |
| 19:17 | Build | Farm |
| 19:18 | Build | Farm |
| 19:18 | Build | Farm |
| 19:18 | Build | Farm |
| 19:19 | Build | Farm |
| 19:19 | Build | Farm |
| 19:19 | Build | Farm |
| 19:20 | Build | Farm |
| 19:23 | Build | Farm |
| 19:29 | Build | House |
| 19:56 | Create | Villager (Male) |
| 19:56 | Create | Villager (Male) |
| 19:59 | Build | Mining Camp |
| 20:02 | Build | Farm |
| 20:02 | Build | Farm |
| 20:02 | Build | Farm |
| 20:02 | Build | Farm |
| 20:08 | Build | Stone Wall |
| 21:18 | Research | Castle Age |
| 21:18 | Research | Castle Age |
| 22:34 | Research | Double-Bit Axe |
| 22:34 | Research | Double-Bit Axe |
| 23:58 | Age | Castle Age |
| 24:12 | Build | Castle |
| 24:16 | Create | Villager (Male) |
| 24:17 | Create | Villager (Male) |
| 24:24 | Build | Town Center |
| 25:17 | Create | Villager (Male) |
| 25:17 | Create | Villager (Male) |
| 25:20 | Create | Villager (Male) |
| 25:26 | Build | Farm |
| 25:46 | Create | Villager (Male) |
| 25:53 | Research | Gold Mining |
| 26:01 | Research | Bow Saw |
| 26:01 | Research | Bow Saw |
| 26:05 | Research | Bodkin Arrow |
| 26:05 | Research | Bodkin Arrow |
| 26:17 | Build | Stone Wall |
| 26:22 | Build | Stone Wall |
| 26:22 | Build | Stone Wall |
| 26:23 | Build | Stone Wall |
| 26:24 | Build | Stone Wall |
| 26:36 | Build | Siege Workshop |
| 27:11 | Build | Stone Wall |
| 27:14 | Build | Stone Wall |
| 27:16 | Build | Stone Wall |
| 27:20 | Create | Armored Elephant |
Build order — 菜就多练
First 150 of 572 actions detected
| 0:01 | Create | Villager (Male) |
| 0:03 | Build | House |
| 0:04 | Build | House |
| 0:07 | Create | Villager (Male) |
| 0:07 | Create | Villager (Male) |
| 0:08 | Create | Villager (Male) |
| 0:08 | Create | Villager (Male) |
| 1:29 | Create | Villager (Male) |
| 1:30 | Create | Villager (Male) |
| 1:47 | Create | Villager (Male) |
| 1:48 | Create | Villager (Male) |
| 2:17 | Create | Villager (Male) |
| 2:18 | Create | Villager (Male) |
| 2:24 | Build | Lumber Camp |
| 2:28 | Create | Villager (Male) |
| 2:29 | Create | Villager (Male) |
| 2:57 | Create | Villager (Male) |
| 3:17 | Create | Villager (Male) |
| 3:17 | Create | Villager (Male) |
| 3:28 | Build | House |
| 4:04 | Create | Villager (Male) |
| 4:09 | Build | House |
| 4:19 | Create | Villager (Male) |
| 4:19 | Create | Villager (Male) |
| 4:19 | Create | Villager (Male) |
| 5:06 | Build | Mining Camp |
| 5:11 | Create | Villager (Male) |
| 5:29 | Create | Villager (Male) |
| 5:29 | Create | Villager (Male) |
| 5:32 | Create | Villager (Male) |
| 5:33 | Create | Villager (Male) |
| 5:33 | Create | Villager (Male) |
| 5:33 | Create | Villager (Male) |
| 5:57 | Create | Villager (Male) |
| 5:57 | Create | Villager (Male) |
| 5:57 | Create | Villager (Male) |
| 5:58 | Create | Villager (Male) |
| 6:25 | Build | Mill |
| 6:43 | Create | Villager (Male) |
| 6:51 | Build | Mining Camp |
| 7:55 | Research | Feudal Age |
| 8:07 | Build | House |
| 8:46 | Build | Farm |
| 9:45 | Create | Villager (Male) |
| 9:45 | Create | Villager (Male) |
| 10:06 | Age | Feudal Age |
| 10:10 | Build | Market |
| 10:27 | Build | Blacksmith |
| 10:41 | Research | Loom |
| 11:01 | Build | Farm |
| 11:23 | Create | Villager (Male) |
| 11:37 | Build | Farm |
| 11:40 | Create | Villager (Male) |
| 11:42 | Build | House |
| 12:02 | Build | Farm |
| 12:35 | Research | Castle Age |
| 12:35 | Research | Castle Age |
| 12:36 | Research | Castle Age |
| 13:17 | Research | Horse Collar |
| 13:17 | Research | Horse Collar |
| 14:03 | Research | Double-Bit Axe |
| 14:03 | Research | Double-Bit Axe |
| 14:03 | Research | Double-Bit Axe |
| 14:40 | Create | Villager (Male) |
| 14:48 | Create | Villager (Male) |
| 15:15 | Age | Castle Age |
| 15:20 | Build | Castle |
| 15:21 | Create | Villager (Male) |
| 15:25 | Build | Town Center |
| 15:30 | Research | Bow Saw |
| 15:30 | Research | Bow Saw |
| 15:31 | Create | Villager (Male) |
| 15:42 | Create | Villager (Male) |
| 16:07 | Create | Villager (Male) |
| 16:11 | Build | Farm |
| 16:41 | Create | Villager (Male) |
| 16:47 | Build | Stone Wall |
| 16:54 | Build | Town Center |
| 17:01 | Create | Villager (Male) |
| 17:01 | Create | Villager (Male) |
| 17:01 | Create | Villager (Male) |
| 17:19 | Build | Gate |
| 17:23 | Create | Villager (Male) |
| 17:23 | Create | Villager (Male) |
| 17:28 | Build | Farm |
| 17:30 | Build | Farm |
| 17:35 | Create | Mangudai |
| 17:35 | Create | Mangudai |
| 17:35 | Create | Mangudai |
| 17:45 | Build | Stone Wall |
| 17:48 | Create | Villager (Male) |
| 17:48 | Create | Villager (Male) |
| 17:48 | Create | Villager (Male) |
| 18:00 | Create | Villager (Male) |
| 18:01 | Create | Villager (Male) |
| 18:03 | Create | Mangudai |
| 18:03 | Create | Mangudai |
| 18:03 | Create | Mangudai |
| 18:20 | Build | Farm |
| 18:20 | Build | Farm |
| 18:21 | Create | Villager (Male) |
| 18:21 | Create | Villager (Male) |
| 18:35 | Create | Villager (Male) |
| 18:35 | Create | Villager (Male) |
| 18:41 | Build | Stone Wall |
| 18:50 | Build | Farm |
| 18:51 | Build | Farm |
| 18:53 | Create | Mangudai |
| 18:53 | Create | Mangudai |
| 18:54 | Create | Villager (Male) |
| 18:54 | Create | Villager (Male) |
| 19:09 | Build | Farm |
| 19:10 | Create | Villager (Male) |
| 19:16 | Create | Mangudai |
| 19:33 | Create | Villager (Male) |
| 19:33 | Create | Villager (Male) |
| 19:42 | Create | Villager (Male) |
| 19:42 | Create | Villager (Male) |
| 19:42 | Create | Villager (Male) |
| 19:46 | Create | Villager (Male) |
| 19:46 | Create | Villager (Male) |
| 19:46 | Create | Villager (Male) |
| 19:47 | Create | Villager (Male) |
| 19:50 | Create | Mangudai |
| 19:50 | Create | Mangudai |
| 20:01 | Create | Mangudai |
| 20:01 | Create | Mangudai |
| 20:10 | Create | Villager (Male) |
| 20:11 | Create | Villager (Male) |
| 20:11 | Create | Villager (Male) |
| 20:13 | Build | Farm |
| 20:18 | Build | Farm |
| 20:21 | Create | Villager (Male) |
| 20:21 | Create | Villager (Male) |
| 20:22 | Create | Villager (Male) |
| 20:24 | Build | Farm |
| 20:25 | Build | Farm |
| 20:31 | Create | Villager (Male) |
| 20:31 | Create | Villager (Male) |
| 20:31 | Create | Villager (Male) |
| 20:41 | Build | Farm |
| 20:50 | Build | Farm |
| 20:54 | Create | Villager (Male) |
| 20:54 | Create | Villager (Male) |
| 20:59 | Build | Farm |
| 21:01 | Build | Farm |
| 21:01 | Create | Villager (Male) |
| 21:02 | Create | Villager (Male) |
| 21:06 | Build | Farm |
| 21:21 | Build | Farm |
Build order — Velky kanec
First 150 of 507 actions detected
| 0:01 | Create | Villager (Male) |
| 0:01 | Create | Villager (Male) |
| 0:03 | Build | House |
| 0:06 | Build | House |
| 0:24 | Create | Villager (Male) |
| 0:24 | Create | Villager (Male) |
| 0:25 | Create | Villager (Male) |
| 0:34 | Create | Villager (Male) |
| 0:34 | Create | Villager (Male) |
| 1:25 | Create | Villager (Male) |
| 1:26 | Create | Villager (Male) |
| 1:46 | Build | Lumber Camp |
| 1:53 | Create | Villager (Male) |
| 1:53 | Create | Villager (Male) |
| 2:26 | Create | Villager (Male) |
| 2:26 | Create | Villager (Male) |
| 2:43 | Create | Villager (Male) |
| 2:44 | Create | Villager (Male) |
| 3:27 | Create | Villager (Male) |
| 3:36 | Build | House |
| 3:37 | Build | House |
| 3:38 | Build | House |
| 3:41 | Create | Villager (Male) |
| 3:41 | Create | Villager (Male) |
| 4:04 | Create | Villager (Male) |
| 4:04 | Create | Villager (Male) |
| 4:41 | Create | Villager (Male) |
| 4:48 | Build | Mill |
| 5:26 | Create | Villager (Male) |
| 5:26 | Create | Villager (Male) |
| 5:46 | Create | Villager (Male) |
| 5:46 | Create | Villager (Male) |
| 6:19 | Create | Villager (Male) |
| 6:20 | Create | Villager (Male) |
| 7:20 | Create | Villager (Male) |
| 7:35 | Create | Villager (Male) |
| 8:07 | Build | Mining Camp |
| 8:24 | Research | Feudal Age |
| 8:34 | Build | Farm |
| 8:37 | Build | Farm |
| 8:56 | Build | Mining Camp |
| 9:07 | Build | Farm |
| 9:14 | Build | Farm |
| 9:28 | Create | Villager (Male) |
| 9:28 | Create | Villager (Male) |
| 11:21 | Age | Feudal Age |
| 11:24 | Build | Market |
| 11:27 | Build | Blacksmith |
| 12:11 | Research | Double-Bit Axe |
| 12:18 | Research | Castle Age |
| 12:19 | Research | Castle Age |
| 12:46 | Research | Horse Collar |
| 12:46 | Research | Horse Collar |
| 12:55 | Research | Gold Mining |
| 12:55 | Research | Gold Mining |
| 13:16 | Build | Farm |
| 13:17 | Build | Farm |
| 13:18 | Build | Farm |
| 13:37 | Build | House |
| 14:20 | Create | Villager (Male) |
| 14:58 | Age | Castle Age |
| 15:06 | Create | Villager (Male) |
| 15:08 | Research | Bow Saw |
| 15:08 | Research | Bow Saw |
| 15:16 | Build | Castle |
| 15:24 | Build | Monastery |
| 15:36 | Research | Heavy Plow |
| 15:43 | Create | Villager (Male) |
| 16:08 | Build | Farm |
| 16:09 | Create | Villager (Male) |
| 16:09 | Create | Monk |
| 16:19 | Create | Villager (Male) |
| 16:52 | Create | Leitis |
| 16:53 | Create | Villager (Male) |
| 17:01 | Create | Leitis |
| 17:12 | Build | Town Center |
| 17:17 | Create | Leitis |
| 17:20 | Create | Villager (Male) |
| 17:26 | Build | Farm |
| 17:28 | Build | Farm |
| 17:42 | Create | Villager (Male) |
| 17:45 | Build | Farm |
| 17:48 | Build | Farm |
| 17:57 | Create | Villager (Male) |
| 18:12 | Create | Leitis |
| 18:33 | Create | Villager (Male) |
| 18:33 | Create | Villager (Male) |
| 18:37 | Build | Farm |
| 18:50 | Build | Farm |
| 18:50 | Create | Villager (Male) |
| 18:53 | Create | Villager (Male) |
| 18:55 | Create | Villager (Male) |
| 18:59 | Build | Farm |
| 19:00 | Build | Farm |
| 19:13 | Create | Leitis |
| 19:21 | Create | Villager (Male) |
| 19:36 | Create | Villager (Male) |
| 19:51 | Create | Villager (Male) |
| 20:06 | Create | Villager (Male) |
| 20:08 | Build | Town Center |
| 20:20 | Create | Villager (Male) |
| 20:26 | Research | Wheelbarrow |
| 20:26 | Research | Wheelbarrow |
| 20:38 | Build | Farm |
| 20:39 | Build | Farm |
| 20:42 | Build | Farm |
| 20:47 | Create | Villager (Male) |
| 20:51 | Research | Stone Mining |
| 20:53 | Build | Farm |
| 21:08 | Create | Leitis |
| 21:18 | Create | Villager (Male) |
| 21:18 | Create | Villager (Male) |
| 21:32 | Create | Villager (Male) |
| 21:39 | Create | Villager (Male) |
| 21:43 | Build | Farm |
| 21:45 | Create | Villager (Male) |
| 21:50 | Build | Town Center |
| 21:59 | Create | Villager (Male) |
| 21:59 | Create | Villager (Male) |
| 22:15 | Research | Scale Barding Armor |
| 22:15 | Research | Scale Barding Armor |
| 22:18 | Create | Villager (Male) |
| 22:27 | Create | Leitis |
| 22:27 | Create | Leitis |
| 22:35 | Create | Villager (Male) |
| 22:36 | Create | Villager (Male) |
| 22:38 | Build | Farm |
| 22:44 | Build | House |
| 22:47 | Build | Farm |
| 22:53 | Create | Villager (Male) |
| 23:08 | Create | Villager (Male) |
| 23:17 | Create | Villager (Male) |
| 23:23 | Build | Farm |
| 23:24 | Build | Farm |
| 23:25 | Build | Farm |
| 23:39 | Create | Villager (Male) |
| 23:39 | Create | Villager (Male) |
| 23:40 | Create | Villager (Male) |
| 23:43 | Create | Villager (Male) |
| 23:49 | Create | Villager (Male) |
| 23:53 | Build | Farm |
| 23:54 | Build | Farm |
| 23:56 | Build | Farm |
| 23:58 | Build | Farm |
| 23:59 | Create | Leitis |
| 24:04 | Research | Chain Barding Armor |
| 24:04 | Research | Chain Barding Armor |
| 24:06 | Create | Villager (Male) |
| 24:06 | Create | Villager (Male) |
| 24:06 | Create | Villager (Male) |
Build order — Ardashnicov
First 150 of 646 actions detected
| 0:01 | Create | Villager (Male) |
| 0:01 | Create | Villager (Male) |
| 0:01 | Create | Villager (Male) |
| 0:02 | Create | Villager (Male) |
| 0:02 | Create | Villager (Male) |
| 0:03 | Build | House |
| 0:04 | Build | House |
| 0:39 | Build | Mill |
| 1:40 | Create | Villager (Male) |
| 1:40 | Create | Villager (Male) |
| 1:55 | Create | Villager (Male) |
| 1:55 | Create | Villager (Male) |
| 2:13 | Create | Villager (Male) |
| 2:13 | Create | Villager (Male) |
| 2:46 | Create | Villager (Male) |
| 2:46 | Create | Villager (Male) |
| 2:47 | Create | Villager (Male) |
| 3:04 | Create | Villager (Male) |
| 3:04 | Create | Villager (Male) |
| 3:27 | Create | Villager (Male) |
| 3:28 | Create | Villager (Male) |
| 3:51 | Build | House |
| 4:02 | Create | Villager (Male) |
| 4:05 | Create | Villager (Male) |
| 4:22 | Build | Lumber Camp |
| 4:35 | Create | Villager (Male) |
| 4:35 | Create | Villager (Male) |
| 4:46 | Create | Villager (Male) |
| 4:56 | Create | Villager (Male) |
| 4:57 | Create | Villager (Male) |
| 5:08 | Create | Villager (Male) |
| 5:09 | Create | Villager (Male) |
| 5:15 | Create | Villager (Male) |
| 5:15 | Create | Villager (Male) |
| 5:51 | Create | Villager (Male) |
| 5:51 | Create | Villager (Male) |
| 5:57 | Create | Villager (Male) |
| 6:14 | Build | House |
| 6:35 | Create | Villager (Male) |
| 6:41 | Create | Villager (Male) |
| 6:41 | Create | Villager (Male) |
| 7:22 | Build | Farm |
| 7:23 | Build | Farm |
| 7:32 | Build | Farm |
| 8:26 | Build | Mining Camp |
| 8:28 | Research | Feudal Age |
| 8:29 | Create | Villager (Male) |
| 8:29 | Create | Villager (Male) |
| 8:34 | Create | Villager (Male) |
| 8:34 | Create | Villager (Male) |
| 8:50 | Build | Barracks |
| 8:55 | Build | House |
| 9:01 | Build | House |
| 10:58 | Age | Feudal Age |
| 10:59 | Build | Stable |
| 11:00 | Build | Blacksmith |
| 11:44 | Research | Castle Age |
| 11:44 | Research | Castle Age |
| 12:02 | Research | Double-Bit Axe |
| 12:02 | Research | Double-Bit Axe |
| 12:25 | Research | Horse Collar |
| 12:25 | Research | Horse Collar |
| 13:12 | Create | Villager (Male) |
| 13:12 | Create | Villager (Male) |
| 13:52 | Build | House |
| 14:06 | Create | Villager (Male) |
| 14:28 | Age | Castle Age |
| 14:31 | Build | Siege Workshop |
| 14:33 | Create | Villager (Male) |
| 14:35 | Build | Town Center |
| 14:42 | Research | Bow Saw |
| 14:42 | Research | Bow Saw |
| 14:55 | Build | Farm |
| 15:00 | Build | Farm |
| 15:03 | Build | Farm |
| 15:06 | Build | Farm |
| 15:08 | Build | Farm |
| 15:14 | Build | Farm |
| 15:20 | Create | Armored Elephant |
| 15:22 | Build | House |
| 15:26 | Build | Farm |
| 15:58 | Create | Mangonel |
| 16:03 | Build | House |
| 16:03 | Create | Villager (Male) |
| 16:04 | Create | Villager (Male) |
| 16:04 | Create | Villager (Male) |
| 16:16 | Create | Villager (Male) |
| 16:16 | Create | Villager (Male) |
| 16:26 | Build | Farm |
| 16:27 | Build | Farm |
| 16:28 | Create | Villager (Male) |
| 16:34 | Build | House |
| 16:42 | Create | Villager (Male) |
| 16:43 | Create | Villager (Male) |
| 16:57 | Create | Villager (Male) |
| 16:57 | Create | Villager (Male) |
| 17:13 | Create | Villager (Male) |
| 17:13 | Create | Villager (Male) |
| 17:21 | Create | Villager (Male) |
| 17:22 | Create | Villager (Male) |
| 17:26 | Create | Villager (Male) |
| 17:27 | Create | Villager (Male) |
| 17:30 | Build | Farm |
| 17:31 | Build | Farm |
| 17:31 | Build | Farm |
| 17:31 | Build | Farm |
| 17:31 | Build | Farm |
| 17:45 | Create | Villager (Male) |
| 17:45 | Create | Villager (Male) |
| 17:53 | Create | Villager (Male) |
| 17:53 | Create | Villager (Male) |
| 17:55 | Build | Monastery |
| 18:09 | Create | Villager (Male) |
| 18:09 | Create | Villager (Male) |
| 18:22 | Create | Villager (Male) |
| 18:22 | Create | Villager (Male) |
| 18:31 | Create | Villager (Male) |
| 18:32 | Create | Villager (Male) |
| 18:33 | Build | Town Center |
| 18:47 | Create | Villager (Male) |
| 18:47 | Create | Villager (Male) |
| 18:52 | Create | Monk |
| 18:54 | Build | House |
| 18:55 | Build | House |
| 18:56 | Create | Villager (Male) |
| 18:56 | Create | Villager (Male) |
| 19:04 | Create | Camel Scout |
| 19:05 | Create | Villager (Male) |
| 19:06 | Create | Villager (Male) |
| 19:12 | Create | Villager (Male) |
| 19:12 | Create | Villager (Male) |
| 19:17 | Build | Market |
| 19:19 | Build | Farm |
| 19:20 | Build | Farm |
| 19:20 | Build | Farm |
| 19:20 | Build | Farm |
| 19:20 | Build | Farm |
| 19:21 | Build | Farm |
| 19:22 | Create | Villager (Male) |
| 19:22 | Create | Villager (Male) |
| 19:31 | Create | Villager (Male) |
| 19:31 | Create | Villager (Male) |
| 19:42 | Create | Monk |
| 19:46 | Create | Villager (Male) |
| 19:46 | Create | Villager (Male) |
| 19:53 | Create | Villager (Male) |
| 19:53 | Create | Villager (Male) |
| 19:58 | Create | Villager (Male) |
| 19:59 | Create | Villager (Male) |
| 20:13 | Build | Farm |
Build order — AJC
First 150 of 466 actions detected
| 0:01 | Create | Villager (Male) |
| 0:01 | Create | Villager (Male) |
| 0:02 | Build | House |
| 0:04 | Build | House |
| 0:26 | Create | Villager (Male) |
| 0:26 | Create | Villager (Male) |
| 0:26 | Create | Villager (Male) |
| 1:34 | Create | Villager (Male) |
| 1:34 | Create | Villager (Male) |
| 1:45 | Build | Lumber Camp |
| 1:49 | Create | Villager (Male) |
| 1:49 | Create | Villager (Male) |
| 2:34 | Build | House |
| 2:37 | Create | Villager (Male) |
| 2:37 | Create | Villager (Male) |
| 2:54 | Create | Villager (Male) |
| 2:54 | Create | Villager (Male) |
| 3:28 | Create | Villager (Male) |
| 3:28 | Create | Villager (Male) |
| 3:47 | Create | Villager (Male) |
| 3:48 | Create | Villager (Male) |
| 4:17 | Create | Villager (Male) |
| 4:17 | Create | Villager (Male) |
| 4:48 | Create | Villager (Male) |
| 4:48 | Create | Villager (Male) |
| 4:50 | Create | Villager (Male) |
| 4:50 | Create | Villager (Male) |
| 5:01 | Create | Villager (Male) |
| 5:01 | Create | Villager (Male) |
| 5:11 | Build | House |
| 5:18 | Create | Villager (Male) |
| 5:18 | Create | Villager (Male) |
| 6:22 | Build | Mill |
| 6:25 | Create | Villager (Male) |
| 6:45 | Create | Villager (Male) |
| 7:16 | Build | House |
| 7:22 | Create | Villager (Male) |
| 8:06 | Build | Mining Camp |
| 8:11 | Create | Villager (Male) |
| 8:13 | Research | Feudal Age |
| 8:41 | Build | Farm |
| 8:43 | Build | Farm |
| 8:47 | Build | Farm |
| 8:51 | Build | Farm |
| 9:07 | Create | Villager (Male) |
| 9:07 | Create | Villager (Male) |
| 10:26 | Create | Villager (Male) |
| 10:37 | Age | Feudal Age |
| 10:38 | Build | Market |
| 10:41 | Build | Blacksmith |
| 11:29 | Research | Double-Bit Axe |
| 11:34 | Build | House |
| 11:35 | Build | House |
| 11:36 | Build | House |
| 11:48 | Research | Castle Age |
| 11:59 | Research | Horse Collar |
| 12:03 | Build | Farm |
| 12:17 | Build | Farm |
| 12:41 | Create | Villager (Male) |
| 12:50 | Research | Double-Bit Axe |
| 14:31 | Create | Villager (Male) |
| 14:32 | Age | Castle Age |
| 14:36 | Build | Town Center |
| 14:39 | Build | Town Center |
| 14:47 | Research | Bow Saw |
| 14:52 | Create | Villager (Male) |
| 15:35 | Create | Villager (Male) |
| 15:37 | Create | Villager (Male) |
| 15:37 | Create | Villager (Male) |
| 15:42 | Create | Villager (Male) |
| 15:43 | Create | Villager (Male) |
| 15:50 | Research | Heavy Plow |
| 15:51 | Research | Heavy Plow |
| 16:15 | Create | Villager (Male) |
| 16:19 | Create | Villager (Male) |
| 16:32 | Create | Villager (Male) |
| 16:32 | Create | Villager (Male) |
| 16:34 | Build | Farm |
| 16:35 | Build | Farm |
| 16:35 | Build | Farm |
| 16:35 | Build | Farm |
| 16:35 | Build | Farm |
| 16:41 | Build | Farm |
| 16:51 | Build | Farm |
| 16:58 | Create | Villager (Male) |
| 16:58 | Create | Villager (Male) |
| 17:05 | Create | Villager (Male) |
| 17:06 | Create | Villager (Male) |
| 17:15 | Build | Siege Workshop |
| 17:17 | Create | Villager (Male) |
| 17:17 | Create | Villager (Male) |
| 17:28 | Build | Farm |
| 17:32 | Build | House |
| 17:33 | Build | House |
| 17:35 | Create | Villager (Male) |
| 17:35 | Create | Villager (Male) |
| 17:44 | Build | Lumber Camp |
| 17:50 | Create | Villager (Male) |
| 17:50 | Create | Villager (Male) |
| 17:51 | Create | Villager (Male) |
| 17:55 | Build | House |
| 18:02 | Create | Villager (Male) |
| 18:02 | Create | Villager (Male) |
| 18:18 | Create | Mangonel |
| 18:22 | Create | Villager (Male) |
| 18:22 | Create | Villager (Male) |
| 18:22 | Create | Villager (Male) |
| 18:32 | Build | House |
| 18:42 | Build | Farm |
| 18:44 | Create | Villager (Male) |
| 18:49 | Create | Mangonel |
| 18:50 | Create | Mangonel |
| 18:57 | Build | House |
| 19:00 | Create | Villager (Male) |
| 19:00 | Create | Villager (Male) |
| 19:09 | Create | Villager (Male) |
| 19:10 | Create | Villager (Male) |
| 19:13 | Create | Villager (Male) |
| 19:36 | Create | Villager (Male) |
| 19:37 | Create | Villager (Male) |
| 19:37 | Create | Villager (Male) |
| 19:51 | Build | Barracks |
| 19:58 | Build | House |
| 20:00 | Create | Villager (Male) |
| 20:00 | Create | Villager (Male) |
| 20:00 | Create | Villager (Male) |
| 20:04 | Build | Farm |
| 20:04 | Build | Farm |
| 20:05 | Build | Farm |
| 20:05 | Build | Farm |
| 20:05 | Build | Farm |
| 20:10 | Create | Villager (Male) |
| 20:10 | Create | Villager (Male) |
| 20:11 | Create | Villager (Male) |
| 20:13 | Create | Mangonel |
| 20:26 | Build | Farm |
| 20:27 | Build | Farm |
| 20:30 | Create | Villager (Male) |
| 20:43 | Build | Lumber Camp |
| 20:44 | Create | Villager (Male) |
| 20:44 | Create | Villager (Male) |
| 20:49 | Create | Villager (Male) |
| 20:50 | Create | Villager (Male) |
| 20:52 | Build | Farm |
| 21:11 | Create | Mangonel |
| 21:16 | Create | Villager (Male) |
| 21:16 | Create | Villager (Male) |
| 21:16 | Create | Villager (Male) |
| 21:17 | Create | Villager (Male) |
| 21:17 | Create | Villager (Male) |
Build order — 超绝可爱天使酱
First 150 of 399 actions detected
| 0:00 | Create | Villager (Male) |
| 0:01 | Create | Villager (Male) |
| 0:02 | Build | House |
| 0:04 | Build | House |
| 0:09 | Create | Villager (Male) |
| 0:09 | Create | Villager (Male) |
| 1:26 | Create | Villager (Male) |
| 1:26 | Create | Villager (Male) |
| 1:46 | Build | Lumber Camp |
| 1:55 | Create | Villager (Male) |
| 1:56 | Create | Villager (Male) |
| 2:06 | Create | Villager (Male) |
| 2:06 | Create | Villager (Male) |
| 2:32 | Create | Villager (Male) |
| 2:32 | Create | Villager (Male) |
| 3:01 | Create | Villager (Male) |
| 3:01 | Create | Villager (Male) |
| 3:08 | Research | Double-Bit Axe |
| 3:14 | Build | House |
| 3:22 | Create | Villager (Male) |
| 3:22 | Create | Villager (Male) |
| 3:43 | Create | Villager (Male) |
| 3:44 | Create | Villager (Male) |
| 4:00 | Create | Villager (Male) |
| 4:19 | Create | Villager (Male) |
| 4:20 | Create | Villager (Male) |
| 4:52 | Create | Villager (Male) |
| 4:53 | Create | Villager (Male) |
| 5:05 | Build | House |
| 5:22 | Create | Villager (Male) |
| 5:29 | Create | Villager (Male) |
| 5:55 | Build | Mining Camp |
| 6:24 | Create | Villager (Male) |
| 7:08 | Research | Feudal Age |
| 7:08 | Research | Feudal Age |
| 7:35 | Build | Lumber Camp |
| 8:24 | Create | Villager (Male) |
| 8:27 | Build | Barracks |
| 8:50 | Create | Villager (Male) |
| 9:08 | Build | House |
| 9:18 | Age | Feudal Age |
| 9:27 | Build | Archery Range |
| 9:32 | Build | Archery Range |
| 9:49 | Create | Villager (Male) |
| 9:55 | Research | Bow Saw |
| 10:15 | Build | House |
| 10:33 | Create | Villager (Male) |
| 10:35 | Create | Archer |
| 10:40 | Build | House |
| 10:48 | Build | Blacksmith |
| 10:50 | Create | Archer |
| 10:52 | Create | Villager (Male) |
| 11:02 | Build | Mill |
| 11:08 | Create | Archer |
| 11:20 | Create | Archer |
| 11:20 | Create | Archer |
| 11:35 | Create | Villager (Male) |
| 11:37 | Create | Archer |
| 11:55 | Research | Fletching |
| 12:02 | Research | Horse Collar |
| 12:17 | Build | Farm |
| 12:18 | Build | Farm |
| 12:24 | Build | Watch Tower |
| 12:31 | Create | Villager (Male) |
| 12:40 | Build | Farm |
| 12:45 | Create | Archer |
| 12:45 | Create | Archer |
| 13:08 | Build | Farm |
| 13:30 | Create | Villager (Male) |
| 13:30 | Create | Villager (Male) |
| 13:41 | Build | House |
| 13:42 | Build | House |
| 13:49 | Build | Farm |
| 14:02 | Create | Villager (Male) |
| 14:13 | Build | Farm |
| 14:14 | Build | Farm |
| 14:16 | Build | Farm |
| 14:18 | Create | Villager (Male) |
| 14:29 | Create | Archer |
| 14:29 | Create | Archer |
| 14:39 | Create | Villager (Male) |
| 14:42 | Research | Loom |
| 14:42 | Create | Villager (Male) |
| 14:44 | Create | Archer |
| 14:50 | Build | Mining Camp |
| 15:03 | Create | Villager (Male) |
| 15:09 | Create | Archer |
| 15:15 | Create | Villager (Male) |
| 15:17 | Build | House |
| 15:37 | Create | Villager (Male) |
| 15:49 | Create | Villager (Male) |
| 15:49 | Create | Villager (Male) |
| 16:00 | Create | Villager (Male) |
| 16:01 | Create | Archer |
| 16:01 | Create | Archer |
| 16:05 | Research | Padded Archer Armor |
| 16:17 | Create | Villager (Male) |
| 16:34 | Create | Villager (Male) |
| 16:34 | Create | Archer |
| 16:53 | Create | Villager (Male) |
| 16:53 | Create | Archer |
| 17:04 | Create | Villager (Male) |
| 17:07 | Build | Farm |
| 17:08 | Build | Farm |
| 17:10 | Build | Farm |
| 17:11 | Build | Farm |
| 17:14 | Create | Villager (Male) |
| 17:14 | Create | Archer |
| 17:15 | Create | Archer |
| 17:26 | Create | Villager (Male) |
| 17:29 | Create | Archer |
| 17:29 | Create | Archer |
| 17:32 | Build | House |
| 18:01 | Create | Villager (Male) |
| 18:02 | Create | Archer |
| 18:09 | Create | Villager (Male) |
| 18:10 | Create | Archer |
| 18:16 | Create | Villager (Male) |
| 18:18 | Build | Farm |
| 18:23 | Research | Gold Mining |
| 18:55 | Build | Archery Range |
| 19:09 | Create | Villager (Male) |
| 19:39 | Build | Market |
| 19:41 | Build | House |
| 19:53 | Create | Villager (Male) |
| 20:16 | Create | Archer |
| 20:16 | Create | Archer |
| 20:16 | Create | Archer |
| 20:29 | Research | Castle Age |
| 20:29 | Research | Castle Age |
| 20:36 | Create | Archer |
| 20:36 | Create | Archer |
| 21:13 | Build | House |
| 21:18 | Create | Archer |
| 21:18 | Create | Archer |
| 21:55 | Create | Villager (Male) |
| 21:56 | Create | Archer |
| 22:10 | Build | House |
| 22:12 | Build | Farm |
| 22:15 | Create | Archer |
| 22:21 | Create | Villager (Male) |
| 22:47 | Create | Archer |
| 22:47 | Create | Archer |
| 22:50 | Create | Archer |
| 22:53 | Research | Gold Shaft Mining |
| 23:09 | Age | Castle Age |
| 23:12 | Build | Castle |
| 23:15 | Research | Crossbowman (upgrade) |
| 23:21 | Research | Bodkin Arrow |
| 23:22 | Research | Bodkin Arrow |
Build order — 灵魂恰恰恰
First 150 of 386 actions detected
| 0:00 | Create | Villager (Male) |
| 0:01 | Create | Villager (Male) |
| 0:01 | Create | Villager (Male) |
| 0:01 | Create | Villager (Male) |
| 0:02 | Build | House |
| 0:04 | Build | House |
| 1:23 | Create | Villager (Male) |
| 1:23 | Create | Villager (Male) |
| 1:44 | Build | Lumber Camp |
| 1:52 | Create | Villager (Male) |
| 1:52 | Create | Villager (Male) |
| 2:26 | Build | Lumber Camp |
| 2:29 | Create | Villager (Male) |
| 2:46 | Create | Villager (Male) |
| 2:46 | Create | Villager (Male) |
| 3:16 | Create | Villager (Male) |
| 3:24 | Build | House |
| 3:35 | Create | Villager (Male) |
| 3:36 | Create | Villager (Male) |
| 4:01 | Build | House |
| 4:04 | Create | Villager (Male) |
| 4:04 | Create | Villager (Male) |
| 4:33 | Build | Mill |
| 4:53 | Create | Villager (Male) |
| 4:53 | Create | Villager (Male) |
| 5:47 | Create | Villager (Male) |
| 6:04 | Create | Villager (Male) |
| 6:38 | Create | Villager (Male) |
| 7:02 | Create | Villager (Male) |
| 7:20 | Create | Villager (Male) |
| 7:38 | Build | Mining Camp |
| 7:52 | Create | Villager (Male) |
| 7:56 | Build | House |
| 8:07 | Create | Villager (Male) |
| 8:36 | Create | Villager (Male) |
| 8:50 | Build | Mining Camp |
| 8:56 | Build | Farm |
| 8:59 | Build | Farm |
| 9:11 | Research | Feudal Age |
| 9:44 | Create | Villager (Male) |
| 9:44 | Create | Villager (Male) |
| 11:21 | Age | Feudal Age |
| 11:22 | Build | Market |
| 11:25 | Build | Blacksmith |
| 12:09 | Research | Castle Age |
| 12:09 | Research | Castle Age |
| 12:21 | Build | Lumber Camp |
| 12:39 | Research | Double-Bit Axe |
| 12:40 | Research | Double-Bit Axe |
| 13:01 | Research | Horse Collar |
| 13:01 | Research | Horse Collar |
| 13:01 | Research | Horse Collar |
| 13:03 | Build | Farm |
| 13:06 | Build | Farm |
| 13:39 | Create | Villager (Male) |
| 13:48 | Build | House |
| 13:55 | Build | House |
| 14:51 | Age | Castle Age |
| 15:00 | Build | Castle |
| 15:08 | Build | Farm |
| 15:09 | Create | Villager (Male) |
| 15:23 | Build | Town Center |
| 15:32 | Create | Villager (Male) |
| 15:37 | Build | Farm |
| 15:46 | Create | Villager (Male) |
| 16:06 | Create | Villager (Male) |
| 16:10 | Build | Farm |
| 16:13 | Build | Farm |
| 16:16 | Create | Villager (Male) |
| 16:33 | Create | Villager (Male) |
| 16:38 | Build | Farm |
| 16:42 | Create | Villager (Male) |
| 16:47 | Build | Farm |
| 16:47 | Build | Farm |
| 16:48 | Build | Farm |
| 16:49 | Build | Farm |
| 16:55 | Create | Rattan Archer |
| 16:58 | Create | Rattan Archer |
| 16:59 | Create | Villager (Male) |
| 17:00 | Create | Villager (Male) |
| 17:06 | Build | Farm |
| 17:12 | Build | Farm |
| 17:20 | Create | Rattan Archer |
| 17:30 | Create | Villager (Male) |
| 17:31 | Create | Rattan Archer |
| 17:37 | Create | Villager (Male) |
| 17:50 | Build | Farm |
| 18:01 | Create | Villager (Male) |
| 18:02 | Create | Villager (Male) |
| 18:08 | Create | Villager (Male) |
| 18:13 | Create | Rattan Archer |
| 18:27 | Create | Villager (Male) |
| 18:36 | Create | Villager (Male) |
| 18:37 | Create | Rattan Archer |
| 18:42 | Create | Villager (Male) |
| 18:47 | Build | Town Center |
| 18:54 | Create | Villager (Male) |
| 19:06 | Build | Gate |
| 19:09 | Build | Stone Wall |
| 19:15 | Create | Villager (Male) |
| 19:23 | Create | Villager (Male) |
| 19:30 | Build | Farm |
| 19:35 | Create | Villager (Male) |
| 19:58 | Research | Fletching |
| 20:00 | Create | Villager (Male) |
| 20:13 | Create | Villager (Male) |
| 20:22 | Build | Stone Wall |
| 20:24 | Build | Gate |
| 20:27 | Create | Villager (Male) |
| 20:33 | Create | Villager (Male) |
| 20:34 | Create | Villager (Male) |
| 20:41 | Create | Villager (Male) |
| 20:43 | Build | Farm |
| 20:44 | Build | Farm |
| 20:45 | Build | Farm |
| 20:49 | Create | Villager (Male) |
| 21:16 | Create | Villager (Male) |
| 21:16 | Create | Villager (Male) |
| 21:17 | Create | Rattan Archer |
| 21:23 | Create | Villager (Male) |
| 21:25 | Create | Villager (Male) |
| 21:37 | Build | Stone Wall |
| 21:39 | Create | Villager (Male) |
| 21:49 | Build | Farm |
| 21:51 | Build | Farm |
| 21:55 | Build | Mill |
| 21:56 | Build | Farm |
| 22:01 | Build | Farm |
| 22:02 | Build | Farm |
| 22:02 | Build | Farm |
| 22:02 | Build | Farm |
| 22:02 | Build | Farm |
| 22:10 | Create | Villager (Male) |
| 22:10 | Create | Villager (Male) |
| 22:11 | Research | Wheelbarrow |
| 22:14 | Build | Farm |
| 22:16 | Build | Farm |
| 22:17 | Build | Farm |
| 22:20 | Build | Farm |
| 22:21 | Build | Farm |
| 22:23 | Build | Farm |
| 22:24 | Build | Farm |
| 22:26 | Create | Villager (Male) |
| 22:35 | Create | Villager (Male) |
| 22:41 | Build | House |
| 22:42 | Build | House |
| 22:50 | Build | Lumber Camp |
| 23:05 | Create | Villager (Male) |
| 23:06 | Create | Villager (Male) |
| 23:11 | Build | House |
Build order — 馬上贏
First 150 of 645 actions detected
| 0:01 | Create | Villager (Male) |
| 0:01 | Create | Villager (Male) |
| 0:01 | Create | Villager (Male) |
| 0:02 | Build | House |
| 0:04 | Build | House |
| 0:07 | Create | Villager (Male) |
| 0:08 | Create | Villager (Male) |
| 0:08 | Create | Villager (Male) |
| 1:07 | Create | Villager (Male) |
| 1:08 | Create | Villager (Male) |
| 1:30 | Create | Villager (Male) |
| 1:31 | Create | Villager (Male) |
| 2:01 | Create | Villager (Male) |
| 2:02 | Create | Villager (Male) |
| 2:15 | Create | Villager (Male) |
| 2:16 | Create | Villager (Male) |
| 2:16 | Create | Villager (Male) |
| 2:34 | Build | Lumber Camp |
| 3:08 | Create | Villager (Male) |
| 3:08 | Create | Villager (Male) |
| 3:08 | Create | Villager (Male) |
| 3:09 | Create | Villager (Male) |
| 3:46 | Create | Villager (Male) |
| 3:46 | Create | Villager (Male) |
| 3:47 | Create | Villager (Male) |
| 3:58 | Build | House |
| 4:31 | Create | Villager (Male) |
| 4:48 | Create | Villager (Male) |
| 4:48 | Create | Villager (Male) |
| 4:51 | Build | Mill |
| 5:55 | Build | House |
| 6:01 | Create | Villager (Male) |
| 6:01 | Create | Villager (Male) |
| 6:07 | Create | Villager (Male) |
| 6:07 | Create | Villager (Male) |
| 6:16 | Create | Villager (Male) |
| 6:16 | Create | Villager (Male) |
| 6:16 | Create | Villager (Male) |
| 6:17 | Create | Villager (Male) |
| 6:42 | Create | Villager (Male) |
| 6:42 | Create | Villager (Male) |
| 7:19 | Create | Villager (Male) |
| 7:19 | Create | Villager (Male) |
| 7:36 | Build | Mining Camp |
| 8:29 | Research | Feudal Age |
| 8:29 | Research | Feudal Age |
| 9:31 | Build | House |
| 10:28 | Create | Villager (Male) |
| 10:28 | Create | Villager (Male) |
| 10:56 | Age | Feudal Age |
| 10:58 | Build | Market |
| 11:01 | Build | Blacksmith |
| 11:03 | Create | Villager (Male) |
| 11:41 | Build | Lumber Camp |
| 11:48 | Research | Castle Age |
| 11:49 | Research | Castle Age |
| 11:52 | Research | Double-Bit Axe |
| 11:52 | Research | Horse Collar |
| 11:52 | Research | Horse Collar |
| 13:29 | Research | Wheelbarrow |
| 13:29 | Research | Wheelbarrow |
| 13:29 | Research | Wheelbarrow |
| 13:49 | Build | House |
| 13:59 | Build | Farm |
| 14:04 | Build | Farm |
| 14:22 | Build | House |
| 14:28 | Age | Castle Age |
| 14:30 | Build | Farm |
| 14:35 | Build | Town Center |
| 14:42 | Build | Town Center |
| 14:50 | Build | Farm |
| 14:58 | Research | Heavy Plow |
| 14:59 | Research | Heavy Plow |
| 15:15 | Build | Farm |
| 15:16 | Build | Farm |
| 15:18 | Build | Farm |
| 15:20 | Build | Farm |
| 15:24 | Create | Villager (Male) |
| 15:24 | Create | Villager (Male) |
| 15:29 | Build | Farm |
| 15:33 | Build | Farm |
| 15:37 | Build | Farm |
| 16:00 | Create | Villager (Male) |
| 16:01 | Create | Villager (Male) |
| 16:04 | Build | Farm |
| 16:10 | Build | Farm |
| 16:15 | Build | Farm |
| 16:16 | Create | Villager (Male) |
| 16:16 | Create | Villager (Male) |
| 16:27 | Create | Villager (Male) |
| 16:28 | Build | Farm |
| 16:30 | Create | Villager (Male) |
| 16:31 | Create | Villager (Male) |
| 16:31 | Create | Villager (Male) |
| 16:44 | Build | Farm |
| 16:49 | Build | Farm |
| 16:50 | Create | Villager (Male) |
| 16:50 | Create | Villager (Male) |
| 16:53 | Create | Villager (Male) |
| 16:53 | Create | Villager (Male) |
| 16:53 | Create | Villager (Male) |
| 17:04 | Research | Loom |
| 17:04 | Create | Villager (Male) |
| 17:05 | Create | Villager (Male) |
| 17:11 | Create | Villager (Male) |
| 17:11 | Create | Villager (Male) |
| 17:15 | Build | House |
| 17:24 | Create | Villager (Male) |
| 17:25 | Create | Villager (Male) |
| 17:25 | Create | Villager (Male) |
| 17:27 | Build | Farm |
| 17:28 | Build | Farm |
| 17:38 | Build | Farm |
| 17:39 | Create | Villager (Male) |
| 17:39 | Create | Villager (Male) |
| 17:51 | Build | Farm |
| 17:53 | Create | Villager (Male) |
| 17:53 | Create | Villager (Male) |
| 17:54 | Create | Villager (Male) |
| 18:14 | Create | Villager (Male) |
| 18:23 | Create | Villager (Male) |
| 18:33 | Build | Farm |
| 18:35 | Create | Villager (Male) |
| 18:35 | Create | Villager (Male) |
| 18:37 | Research | Bow Saw |
| 18:38 | Research | Bow Saw |
| 18:43 | Build | House |
| 18:44 | Build | House |
| 18:46 | Build | House |
| 18:50 | Create | Villager (Male) |
| 18:56 | Create | Villager (Male) |
| 18:56 | Create | Villager (Male) |
| 18:56 | Create | Villager (Male) |
| 19:05 | Create | Villager (Male) |
| 19:05 | Create | Villager (Male) |
| 19:05 | Create | Villager (Male) |
| 19:24 | Create | Villager (Male) |
| 19:25 | Create | Villager (Male) |
| 19:25 | Create | Villager (Male) |
| 19:25 | Create | Villager (Male) |
| 19:25 | Create | Villager (Male) |
| 19:29 | Build | Farm |
| 19:30 | Build | Farm |
| 19:37 | Create | Villager (Male) |
| 19:38 | Create | Villager (Male) |
| 19:50 | Create | Villager (Male) |
| 19:51 | Create | Villager (Male) |
| 19:56 | Build | Town Center |
| 20:03 | Research | Gold Mining |
| 20:03 | Research | Gold Mining |
Match timeline
| 3:10 | AncientKing · wall_segment Palisade Wall x11 |
| 4:20 | AncientKing · wall_segment Palisade Wall x13 |
| 5:43 | AncientKing · wall_segment Palisade Wall x1 |
| 5:49 | AncientKing · wall_segment Palisade Wall x13 |
| 5:50 | AncientKing · wall_segment Palisade Wall x7 |
| 5:57 | AncientKing · wall_segment Palisade Wall x1 |
| 8:27 | 超绝可爱天使酱 · first_building Barracks |
| 8:50 | Ardashnicov · first_building Barracks |
| 9:18 | 超绝可爱天使酱 · age_up feudal |
| 9:27 | 超绝可爱天使酱 · first_building Archery Range |
| 10:06 | 菜就多练 · age_up feudal |
| 10:12 | AncientKing · age_up feudal |
| 10:14 | AncientKing · wall_segment Stone Wall x3 |
| 10:18 | AncientKing · wall_segment Stone Wall x12 |
| 10:22 | AncientKing · wall_segment Stone Wall x14 |
| 10:23 | AncientKing · wall_segment Stone Wall x1 |
| 10:31 | AncientKing · wall_segment Stone Wall x4 |
| 10:32 | AncientKing · wall_segment Stone Wall x1 |
| 10:37 | AJC · age_up feudal |
| 10:56 | 馬上贏 · age_up feudal |
| 10:58 | Ardashnicov · age_up feudal |
| 10:59 | Ardashnicov · first_building Stable |
| 11:21 | 灵魂恰恰恰 · age_up feudal |
| 11:21 | Velky kanec · age_up feudal |
| 14:28 | Ardashnicov · age_up castle |
| 14:28 | 馬上贏 · age_up castle |
| 14:31 | Ardashnicov · first_building Siege Workshop |
| 14:32 | AJC · age_up castle |
| 14:51 | 灵魂恰恰恰 · age_up castle |
| 14:58 | Velky kanec · age_up castle |
| 15:00 | 灵魂恰恰恰 · first_building Castle |
| 15:15 | 菜就多练 · age_up castle |
| 15:16 | Velky kanec · first_building Castle |
| 15:20 | 菜就多练 · first_building Castle |
| 15:24 | Velky kanec · first_building Monastery |
| 15:44 | AncientKing · wall_segment Stone Wall x1 |
| 16:03 | AncientKing · wall_segment Stone Wall x1 |
| 16:04 | AncientKing · wall_segment Stone Wall x1 |
| 16:21 | AncientKing · wall_segment Stone Wall x1 |
| 16:43 | AncientKing · wall_segment Palisade Wall x2 |
| 16:47 | 菜就多练 · wall_segment Stone Wall x7 |
| 17:15 | AJC · first_building Siege Workshop |
| 17:33 | AncientKing · wall_segment Stone Wall x1 |
| 17:35 | AncientKing · wall_segment Stone Wall x4 |
| 17:40 | AncientKing · wall_segment Stone Wall x1 |
| 17:45 | 菜就多练 · wall_segment Stone Wall x5 |
| 17:45 | AncientKing · wall_segment Stone Wall x1 |
| 17:48 | AncientKing · wall_segment Stone Wall x1 |
| 17:49 | AncientKing · wall_segment Stone Wall x1 |
| 17:55 | Ardashnicov · first_building Monastery |
| 18:13 | AncientKing · wall_segment Stone Wall x1 |
| 18:15 | AncientKing · wall_segment Stone Wall x10 |
| 18:41 | 菜就多练 · wall_segment Stone Wall x10 |
| 19:09 | 灵魂恰恰恰 · wall_segment Stone Wall x1 |
| 19:30 | Velky kanec · first_market_buy 100 wood |
| 19:46 | 菜就多练 · first_market_buy 100 food |
| 19:51 | AJC · first_building Barracks |
| 20:08 | AncientKing · wall_segment Stone Wall x1 |
| 20:22 | 灵魂恰恰恰 · wall_segment Stone Wall x13 |
| 20:22 | Ardashnicov · first_market_buy 100 stone |
| 20:54 | AncientKing · first_market_sell 100 stone |
| 20:58 | AncientKing · first_market_buy 100 food |
| 21:20 | AJC · first_building Stable |
| 21:37 | 灵魂恰恰恰 · wall_segment Stone Wall x5 |
| 22:35 | AJC · first_market_buy 100 stone |
| 23:09 | 超绝可爱天使酱 · age_up castle |
| 23:12 | 超绝可爱天使酱 · first_building Castle |
| 23:56 | 馬上贏 · first_building Monastery |
| 23:58 | AncientKing · age_up castle |
| 24:12 | AncientKing · first_building Castle |
| 24:24 | Ardashnicov · first_market_sell 100 wood |
| 24:33 | 灵魂恰恰恰 · first_market_buy 100 food |
| 24:49 | 菜就多练 · first_building Barracks |
| 25:33 | 馬上贏 · first_building Castle |
| 25:50 | 馬上贏 · first_building Barracks |
| 26:06 | 菜就多练 · first_market_sell 500 wood |
| 26:17 | AncientKing · wall_segment Stone Wall x1 |
| 26:22 | AncientKing · wall_segment Stone Wall x1 |
| 26:22 | AncientKing · wall_segment Stone Wall x1 |
| 26:23 | AncientKing · wall_segment Stone Wall x1 |
| 26:24 | AncientKing · wall_segment Stone Wall x1 |
| 26:36 | AncientKing · first_building Siege Workshop |
| 26:37 | 馬上贏 · first_building Stable |
| 26:48 | 菜就多练 · first_building Stable |
| 27:01 | Velky kanec · first_building Barracks |
| 27:03 | AJC · first_building Monastery |
| 27:11 | AncientKing · wall_segment Stone Wall x1 |
| 27:14 | AncientKing · wall_segment Stone Wall x1 |
| 27:16 | AncientKing · wall_segment Stone Wall x1 |
| 27:46 | 超绝可爱天使酱 · first_market_buy 100 food |
| 27:51 | AJC · first_market_sell 100 wood |
| 28:00 | 灵魂恰恰恰 · age_up imperial |
| 28:02 | 超绝可爱天使酱 · first_building Siege Workshop |
| 28:46 | 馬上贏 · age_up imperial |
| 29:03 | Velky kanec · first_building Stable |
| 29:05 | Ardashnicov · wall_segment Stone Wall x17 |
| 29:11 | Ardashnicov · first_building Castle |
| 29:47 | 菜就多练 · first_building Archery Range |
| 30:01 | 馬上贏 · first_market_sell 500 wood |
| 30:10 | 菜就多练 · age_up imperial |
| 30:25 | Velky kanec · age_up imperial |
| 30:36 | Ardashnicov · age_up imperial |
| 30:57 | 超绝可爱天使酱 · age_up imperial |
| 31:15 | AJC · age_up imperial |
| 31:49 | 馬上贏 · first_building Siege Workshop |
| 32:02 | 菜就多练 · first_building Siege Workshop |
| 32:41 | AJC · first_building Castle |
| 32:51 | 灵魂恰恰恰 · first_building Siege Workshop |
| 32:58 | 超绝可爱天使酱 · first_market_sell 100 food |
| 33:34 | Ardashnicov · tribute_sent a jugador 1 |
| 33:34 | Ardashnicov · tribute_sent a jugador 2 |
| 33:34 | Ardashnicov · tribute_sent a jugador 4 |
| 33:34 | Ardashnicov · tribute_sent a jugador 5 |
| 33:34 | Ardashnicov · tribute_sent a jugador 6 |
| 33:34 | Ardashnicov · tribute_sent a jugador 7 |
| 33:34 | Ardashnicov · tribute_sent a jugador 8 |
| 33:46 | 灵魂恰恰恰 · wall_segment Stone Wall x1 |
| 33:48 | 灵魂恰恰恰 · wall_segment Stone Wall x1 |
| 34:03 | Ardashnicov · first_building Archery Range |
| 35:06 | Velky kanec · first_market_sell 100 food |
| 35:22 | AJC · wall_segment Stone Wall x10 |
| 35:26 | 灵魂恰恰恰 · first_building Barracks |
| 39:45 | 灵魂恰恰恰 · first_building Archery Range |
| 40:57 | AJC · first_building Archery Range |
| 41:15 | Ardashnicov · tribute_sent a jugador 1 |
| 41:15 | Ardashnicov · tribute_sent a jugador 2 |
| 41:15 | Ardashnicov · tribute_sent a jugador 4 |
| 41:15 | Ardashnicov · tribute_sent a jugador 5 |
| 41:15 | Ardashnicov · tribute_sent a jugador 6 |
| 41:15 | Ardashnicov · tribute_sent a jugador 7 |
| 41:15 | Ardashnicov · tribute_sent a jugador 8 |
| 41:18 | 灵魂恰恰恰 · first_market_sell 100 food |
| 41:34 | 超绝可爱天使酱 · first_building Stable |
| 42:09 | AJC · resign |
| 43:53 | Ardashnicov · tribute_sent a jugador 1 |
| 43:53 | Ardashnicov · tribute_sent a jugador 2 |
| 43:53 | Ardashnicov · tribute_sent a jugador 4 |
| 43:53 | Ardashnicov · tribute_sent a jugador 5 |
| 43:53 | Ardashnicov · tribute_sent a jugador 6 |
| 43:53 | Ardashnicov · tribute_sent a jugador 7 |
| 43:53 | Ardashnicov · tribute_sent a jugador 8 |
| 44:14 | Ardashnicov · tribute_sent a jugador 1 |
| 44:14 | Ardashnicov · tribute_sent a jugador 2 |
| 44:14 | Ardashnicov · tribute_sent a jugador 4 |
| 44:14 | Ardashnicov · tribute_sent a jugador 5 |
| 44:14 | Ardashnicov · tribute_sent a jugador 6 |
| 44:14 | Ardashnicov · tribute_sent a jugador 7 |
| 44:14 | Ardashnicov · tribute_sent a jugador 8 |
[ AI ANALYSIS · 1 CREDIT ]
What really happened in this match?
Wolo.gg analyzes every decision: build order, eco, micro, common mistakes by bracket. Personalized analysis on WhatsApp or Discord in 30 seconds.
Civ guide
Bengalis
Perfil
Jugador #425768